[Event "37th ECCC 2022"]
[Site "Mayrhofen"]
[Date "2022.10.06"]
[Round "4.16"]
[White "Volokitin, Andrei"]
[Black "Alonso Rosell, Alvar"]
[Result "1-0"]
[ECO "C50"]
[WhiteElo "2645"]
[BlackElo "2563"]
[Annotator "TA"]
[PlyCount "105"]
[EventDate "2022.10.03"]
[EventType "team-tourn"]
[EventCountry "AUT"]
[SourceTitle "playchess.com"]
[Source "ChessBase"]
[SourceQuality "1"]
[TimeControl "40/5400+30:1800+30"]

1. e4 e5 2. Nf3 Nc6 3. Bc4 Nf6 4. d3 Bc5 5. O-O a6 6. c3 Ba7 7. Re1 {[%emt 0:00:56] 7.a4 is the modern continuation. C54: Giuoco Piano: 4 c3 Nf6, main lines with 5 d4 and 5 d3.} d6 8. a4 h6 9. Nbd2 {[%emt 0:00:33] The position is equal.} g5 10. b4 Nh7 11. Kh1 O-O 12. Rf1 {[%emt 0:12:39] [#]} Qf6 $146 ({Predecessor:} 12... Ne7 13. Ra3 Kg7 14. d4 Ng6 15. Bd3 Nf4 16. Bb1 g4 17. Ng1 b5 18. axb5 axb5 {1-0 (46) Tari,A (2653)-Moroni,L (2588) Terme Catez 2022}) 13. Bb3 Bg4 14. Qc2 Ne7 15. d4 Ng6 16. Bb2 Rad8 17. Ng1 Qg7 (17... exd4 $11 18. f3 Be6) 18. Nc4 (18. f3 $1 $16 Bd7 19. Ne2) 18... Nf6 (18... exd4 $11 {keeps the balance.} 19. cxd4 Bxd4) 19. Ne3 Bc8 20. Ne2 h5 (20... Nf4 $142) 21. Ng3 (21. c4 $16) 21... Ne7 22. Rad1 {[%emt 0:02:22] White is more active.} h4 23. Ngf5 Nxf5 24. Nxf5 Bxf5 25. exf5 e4 26. c4 (26. Bc1 $14 {is superior.}) 26... Rfe8 $11 27. d5 (27. c5 $11) 27... Qh6 (27... a5 $5) 28. a5 (28. c5 $11) 28... e3 $17 29. fxe3 (29. Bxf6 $17 Qxf6 30. fxe3) 29... Ng4 $2 ({Black should try} 29... Ne4 $1 $19 30. h3 Ng3+ 31. Kh2 Nxf1+ 32. Rxf1 Rxe3) 30. e4 $16 h3 ({Better is} 30... Ne3 31. Qd3 h3) 31. g3 Ne3 32. Qd3 Qh5 (32... Nxd1 $16 33. Rxd1 f6) 33. c5 $18 (33. Qc3 Qh6 $14) 33... Nxf1 34. Rxf1 Qg4 35. Bc2 {[%emt 0:00:07] f6 is the strong threat. This bishop pair is nice.} c6 36. cxd6 (36. Qc3 Re5 37. Qd3 Ree8) (36. Qd4 $18 Re5 37. Qd3) 36... Rxd6 $16 37. f6 {[%emt 0:00:12] Chess con chili.} (37. Qc3 f6 38. Qd3 Kg7 $17) 37... Qh5 38. Rf5 {[%emt 0:00:21] Hoping for e5.} Qg4 $2 (38... cxd5 $2 39. e5 Kf8 40. exd6 $18) (38... Kf8 $16) 39. e5 $1 $18 {[%emt 0:00:18] White wants to mate with Rxg5+.} (39. Qd2 $2 Kf8 40. Rf1 Rxe4 $19) 39... Kf8 40. Qe4 $2 ({Only move:} 40. Rf1 $18 {Threatening mate with Qh7.} Qe6 41. dxe6 Rxd3 42. e7+ Rxe7 43. fxe7+ Ke8 44. Bxd3) 40... Qxe4+ $11 41. Bxe4 cxd5 {[%emt 0:16:08][%cal Od6f6] aiming for ...Rxf6!} 42. Bd3 (42. exd6 $2 Rxe4 43. Bc3 Ke8 44. Rxd5 Kd7 $19) 42... Rc6 {[%emt 0:01:42] [#]} (42... Rde6 $1 $11 {and Black has nothing to worry.} 43. b5 Be3) 43. b5 $1 $18 axb5 44. Rxg5 (44. Bxb5 Rc2 45. Ba3+ Bc5 46. Bxe8 Kxe8 47. Bxc5 Rxc5 $17) 44... Ree6 (44... b4 $2 45. Bh7 Rxf6 46. Rg8+ Ke7 47. exf6+ $18) 45. Rh5 Ke8 46. Rxh3 (46. Bxb5 $6 d4 $14) 46... d4 47. Rh8+ (47. Bxb5 Rxe5 48. Rh8+ (48. Bxc6+ bxc6 49. Rh8+ Kd7 $15) 48... Kd7 49. Bxc6+ bxc6 $15) 47... Kd7 {[%emt 0:00:01] [#]} 48. Rf8 $2 (48. Bxb5 Rxe5 49. Bxc6+ bxc6 $15) (48. Bf5 $1 $18 {Black must now prevent Rf8.} Kc7 49. Ba3 (49. Bxe6 Rxe6 50. Rf8 Kc6 $11)) 48... Rxe5 $11 {[%emt 0:02:59] And now ...Ke6 would win.} 49. Rxf7+ Ke6 $2 (49... Kd8 $1 $11 {and Black is okay.}) 50. Rxb7 $18 Re3 $2 (50... Re1+ 51. Kg2 Rd1) 51. f7 ({But not} 51. Rxa7 $2 Rxd3 52. Re7+ Kxf6 $19) ({Stronger than} 51. Re7+ Kd6 52. Be4 (52. Rxa7 $2 Rxd3 53. f7 Rc8 $19) (52. Bxb5 Rc2 $11) 52... Rc8 $11) 51... Rc8 52. Bxb5 Rc2 53. f8=Q {[%emt 0:00:00] Weighted Error Value: White=0.32/Black=0.49} 1-0

[Event "37th ECCC 2022"]
[Site "Mayrhofen"]
[Date "2022.10.06"]
[Round "4.17"]
[White "Forcen Esteban, Daniel"]
[Black "Predojevic, Borki"]
[Result "1-0"]
[ECO "A06"]
[WhiteElo "2566"]
[BlackElo "2584"]
[Annotator "TA"]
[PlyCount "107"]
[EventDate "2022.10.03"]
[EventType "team-tourn"]
[EventCountry "AUT"]
[SourceTitle "playchess.com"]
[Source "ChessBase"]
[SourceQuality "1"]
[TimeControl "40/5400+30:1800+30"]

1. c4 e6 2. Nf3 Nf6 3. b3 d5 4. Bb2 c5 5. e3 Nc6 6. cxd5 exd5 7. Bb5 Bd6 8. O-O O-O {[%emt 0:00:05] A13: English Opening: 1...e6.} 9. d4 cxd4 10. Nxd4 Bc7 {[%emt 0:00:08] The position is equal.} 11. Nf3 (11. Nxc6 bxc6 12. Be2 (12. Bxc6 $2 Qd6 $19) 12... Re8 $11) (11. Qc2 $5 ) 11... Re8 12. Nbd2 {[%emt 0:00:54] [#]} a6 $146 ({Predecessor:} 12... Qd6 13. Qc2 Ne4 14. g3 Bf5 15. Nxe4 Bxe4 16. Qc3 Qh6 17. Bxc6 bxc6 18. Nd2 Bf5 {0-1 (31) Puranik,A (2603)-Narayanan,S (2657) chess24.com INT 2022}) 13. Bxc6 bxc6 14. Rc1 Bd7 15. Qc2 a5 16. Rfe1 Ne4 17. Nxe4 Rxe4 18. Nd2 Rg4 19. f4 Qh4 20. Nf3 Qh5 21. Be5 Bb6 22. Kh1 Rg6 23. e4 dxe4 24. Qxe4 Re8 25. Qd3 Bf5 {[%emt 0:06:37] A strong pair of Bishops.} 26. Bd4 {[%emt 0:00:56][%cal Re1e8] [#] Dancing on a razor blade.} Rd8 (26... Bxd3 $2 27. Rxe8#) ({Black should try} 26... Rxe1+ $1 $11 27. Rxe1 h6) 27. Qe3 $14 {[%emt 0:05:17][%cal Oe3e8] Qe8+! would kill now.} Re6 {[%emt 0:00:03] Prevents Qe8+.} (27... Qg4 $2 {[#]} 28. Qe8+ $3 Rxe8 29. Rxe8#) 28. Qf2 $40 {[%emt 0:00:04][%mdl 128] White has some attack.} Bxd4 29. Nxd4 Rxe1+ (29... Rh6 30. Qg1 $16) 30. Qxe1 Bd3 (30... h6 $11 31. Nxc6 Rd6) 31. Nxc6 $16 {[%emt 0:00:39] White stays focused until the end.} Rf8 (31... Ra8 $16 {is a better defense.} 32. h3 f6 33. Qe6+ Qf7) 32. Nxa5 ({Resist} 32. Qxa5 Qe2 $16) 32... Qf5 33. Qe5 Qg4 34. Nc6 h6 35. h3 Qg3 (35... Qd7 $142 36. Ne7+ Kh7) 36. Rc3 $18 Qf2 {[%emt 0:01:29] aiming for ...Bf1.} 37. Qd4 ({And not} 37. Rxd3 Qf1+ 38. Kh2 Qxd3 $11) ({Less strong is} 37. Ne7+ Kh7 $16) 37... Qe1+ (37... Qxd4 38. Nxd4 Be4) 38. Kh2 Bg6 39. Re3 Qc1 40. Ne7+ Kh7 41. Nxg6 fxg6 42. Re7 Qxf4+ 43. Qxf4 Rxf4 {[%emt 0:00:02][%mdl 4096] Endgame KR-KR} 44. Rb7 Rf2 45. a4 Ra2 46. Rb5 g5 47. a5 Kg6 48. b4 Kh5 49. Rb6 {[%emt 0:00:05] Hoping for a6.} Kh4 50. a6 h5 51. b5 {[%emt 0:00:00] White mates.} g4 52. Rg6 gxh3 53. b6 hxg2 54. b7 {[%emt 0:00:00] Weighted Error Value: White=0.11 (very precise) /Black=0.40} 1-0

[Event "37th ECCC 2022"]
[Site "Mayrhofen"]
[Date "2022.10.06"]
[Round "4.18"]
[White "Markus, Robert"]
[Black "Bernadskiy, Vitaliy"]
[Result "1/2-1/2"]
[ECO "E06"]
[WhiteElo "2615"]
[BlackElo "2570"]
[Annotator "TA"]
[PlyCount "49"]
[EventDate "2022.10.03"]
[EventType "team-tourn"]
[EventCountry "AUT"]
[SourceTitle "playchess.com"]
[Source "ChessBase"]
[SourceQuality "1"]
[TimeControl "40/5400+30:1800+30"]

1. d4 Nf6 2. c4 e6 3. Nf3 d5 4. g3 Be7 5. Bg2 O-O 6. O-O dxc4 7. Qc2 a6 8. a4 Bd7 9. Qxc4 Bc6 10. Bf4 Nbd7 11. Qc1 {[%emt 0:06:49] E05: Open Catalan: 5 Nf3 Be7.} Rc8 12. Nc3 Nd5 13. Rd1 N7f6 {[%emt 0:06:32] [#]} 14. Bg5 $146 ({Predecessor:} 14. Ne5 Nxc3 15. bxc3 Bxg2 16. Kxg2 Nd7 17. Qb2 Rb8 18. c4 Nxe5 19. Bxe5 Bd6 20. d5 {½-½ (38) Iturrizaga Bonelli,E (2595)-Bruzon Batista,L (2636) Chess.com INT 2022}) 14... h6 {[%emt 0:06:30] The position is equal.} 15. Bxf6 Nxf6 16. Qc2 Bb4 17. a5 Qe7 18. Qb3 Rfd8 19. e3 Bd6 20. Rac1 Bb4 21. Na2 Bd6 ({But not} 21... Bxa5 22. Rxc6 bxc6 23. Ne5 $14) 22. Nc3 Bb4 23. Na2 Bd6 ({Don't do} 23... Bxa5 24. Rxc6 bxc6 25. Ne5 $14) 24. Nc3 Bb4 25. Na2 {[%emt 0:00:18] An uneventful encounter.  Weighted Error Value: White=0.03 (flawless) /Black=0.03 (flawless)} 1/2-1/2

[Event "37th ECCC 2022"]
[Site "Mayrhofen"]
[Date "2022.10.06"]
[Round "4.19"]
[White "Vachier-Lagrave, Maxime"]
[Black "Can, Emre"]
[Result "1/2-1/2"]
[ECO "B90"]
[WhiteElo "2747"]
[BlackElo "2592"]
[Annotator "TA"]
[PlyCount "157"]
[EventDate "2022.10.03"]
[EventType "team-tourn"]
[EventCountry "AUT"]
[SourceTitle "playchess.com"]
[Source "ChessBase"]
[SourceQuality "1"]
[TimeControl "40/5400+30:1800+30"]

1. e4 c5 2. Nf3 d6 3. d4 cxd4 4. Nxd4 Nf6 5. Nc3 a6 6. Be3 e5 7. Nb3 Be6 8. f3 h5 9. Qd2 Nbd7 10. Nd5 {[%emt 0:00:56] 10.Nd5 scores better than 10.0-0-0. B90: Sicilian Najdorf: Unusual White 6th moves, 6 Be3 Ng4 and 6 Be3 e5.} Bxd5 11. exd5 Be7 12. O-O-O b6 (12... Rc8 $11) 13. Kb1 Nc5 {[%emt 0:04:12] [#]} 14. Bxc5 $146 ({Predecessor:} 14. Nxc5 bxc5 15. Bxc5 dxc5 16. d6 O-O 17. dxe7 Qxe7 18. Bc4 Rfd8 19. Qe3 Rd4 20. Rxd4 cxd4 {1-0 (51) Remizov,Y (2400)-Kozionov,K (2453) Chess.com INT 2021}) 14... bxc5 15. Na5 Nd7 (15... O-O $142) 16. Nc6 $16 Qc7 17. Bd3 Bf6 18. g4 {[%emt 0:05:56] White has more active pieces. The black rooks are badly placed.} g6 19. Rhg1 Kf8 20. gxh5 (20. g5 $18 Bg7 21. c3) 20... Rxh5 $14 21. f4 e4 $1 22. Bxe4 Nb6 {[%emt 0:00:07] Threatens to win with ...Nc4.} 23. c3 (23. Bxg6 $5 fxg6 24. Rxg6 $14) 23... Re8 24. Qc2 Nc4 (24... Rh4 $15) 25. Qd3 Na3+ 26. bxa3 $18 Qb6+ 27. Kc2 c4 28. Qxc4 Qf2+ 29. Kb3 Rxh2 30. Ka4 Rh3 $2 (30... Qxf4 {might work better.} 31. Bd3 Qxc4+ 32. Bxc4 Bxc3) 31. Rgf1 Qb2 {[%emt 0:06:40][%cal Oe8e4] ( -> ...Rxe4!)} 32. Bd3 Ree3 33. Rb1 Qg2 (33... Qd2 $142 34. Rfd1 (34. Rb8+ Kg7 $16) 34... Qxc3) 34. Rg1 Qf2 35. Rgf1 Qg2 36. Nb4 Rxd3 (36... a5 $142 37. Kxa5 Kg7) 37. Nxd3 Qc2+ 38. Rb3 Rxd3 39. Qc8+ Kg7 40. Rh1 Rd4+ 41. Ka5 Rxd5+ 42. Kxa6 Rh5 {[%emt 0:02:08] Inhibits Qh8+.} 43. Rxh5 gxh5 {[%emt 0:00:07][%mdl 4096] Endgame KQR-KQB} 44. c4 {[%emt 0:00:07] Strongly threatening Rg3+.} h4 {[%emt 0:01:04] Prevents Rg3+.} 45. Qg4+ Kh6 46. f5 Qxa2 47. Rd3 Kh7 48. Qe4 Qc2 49. Kb5 {[%emt 0:00:00] Against Qa4+. Hoping for Qd5.} Qb1+ 50. Ka6 $2 ({Better is} 50. Ka5 $16) 50... Qb8 $2 (50... Qc2 $11) 51. Qc6 Be5 52. c5 dxc5 53. Rd7 Kg8 54. Qd5 $2 (54. f6) 54... Qc8+ 55. Kb6 $1 Qb8+ 56. Kxc5 Qf8+ 57. Kc4 (57. Kc6 $16 {Rd8 would kill now.} Qh6+ 58. Kb5) 57... Bf6 $11 {[%emt 0:00:00] Inhibits Rd8.} 58. Qg2+ Kh8 $1 {[%emt 0:00:00] ...Qc8+ is the strong threat.} 59. Qc6 {[%emt 0:00:00] Inhibits Qc8.} Kg7 60. Rd3 Qb8 61. Qg2+ Kh6 62. Qe4 Kg5 (62... Kg7 $1 $11 {keeps the balance.}) 63. a4 $1 $16 Qc8+ 64. Kb3 Qc5 65. Qg2+ $1 Kh5 {[%emt 0:01:31] [#]} (65... Kh6 $16 {keeps fighting.}) 66. Qf3+ (66. Qd5 $1 $18 {[%cal Rd5c5] has better winning chances.} Qxd5+ 67. Rxd5) 66... Kg5 {[%emt 0:00:05] [#]} 67. Rd2 ({White should try} 67. Qe4 $1 $16) 67... Be5 68. Rd5 {[%emt 0:04:14] The position is equal.} Qb6+ 69. Rb5 Qd4 $1 70. Qg2+ Kxf5 71. Qc2+ Kg5 72. a5 h3 ({But not} 72... f5 73. Qg2+ Bg3 74. Qf3 $14) 73. a6 {[%emt 0:00:27][%cal Oa6a7] And now a7! would win.} f6 74. Rb7 {[%emt 0:01:23] Black must now prevent Rg7+. The board is on fire.} Qd5+ (74... h2 75. Rg7+ Kf4 76. Qxh2+ Ke4 77. Qh1+ Kf4 78. Qh4+ (78. a7 Qc3+ 79. Ka4 Qc4+ 80. Ka5 Bc7+ 81. Rxc7 Qxc7+ 82. Ka6 Qd6+ 83. Kb7 Qe7+ 84. Kb8 Qd8+ 85. Kb7 Qe7+ 86. Kb8 Qd8+ 87. Kb7 Qe7+ $11) 78... Kf5 79. Qh3+ Ke4 80. Qg4+ Ke3 81. Qxd4+ Bxd4 82. Kc4) 75. Ka4 {[%emt 0:00:22] Intending Rg7+ and mate.} Qd4+ (75... h2 76. Rg7+ Kf4 77. Qf2+ Ke4 78. Qg2+ Kd4 79. Rg4+ Kc5 80. Qxd5+ Kxd5 81. a7) 76. Kb5 {[%emt 0:00:10] White threatens Rg7+ and mate.} Qd5+ 77. Ka4 {[%emt 0:00:05] Threatening mate with Rg7+.} Qd4+ (77... h2 78. Rg7+ Kf4 79. Qf2+ Ke4 80. Qg2+ Kd4 81. Rg4+ Kc5 82. Qxd5+ Kxd5 83. a7) 78. Kb5 {[%emt 0:00:19] aiming for Rg7+.} Qd5+ 79. Ka4 {[%emt 0:00:18] Weighted Error Value: White=0.33/Black=0.54} 1/2-1/2

[Event "37th ECCC 2022"]
[Site "Mayrhofen"]
[Date "2022.10.06"]
[Round "4.20"]
[White "Sanal, Vahap"]
[Black "Esipenko, Andrey"]
[Result "1/2-1/2"]
[ECO "C47"]
[WhiteElo "2595"]
[BlackElo "2668"]
[Annotator "TA"]
[PlyCount "195"]
[EventDate "2022.10.03"]
[EventType "team-tourn"]
[EventCountry "AUT"]
[SourceTitle "playchess.com"]
[Source "ChessBase"]
[SourceQuality "1"]
[TimeControl "40/5400+30:1800+30"]

1. e4 e5 2. Nf3 Nc6 3. Nc3 Nf6 4. d4 exd4 5. Nxd4 Bb4 6. Nxc6 bxc6 7. Bd3 d5 8. exd5 O-O 9. O-O Bg4 10. Ne2 cxd5 11. h3 Bh5 12. c3 Be7 13. Qc2 Bg6 14. Nf4 Bxd3 15. Nxd3 c6 16. Be3 Qa5 17. Rfe1 Ne4 18. Bd4 Rfe8 19. b4 Qa6 20. Re2 Bf8 21. Rae1 Red8 22. a4 Qb7 23. f3 Nd6 24. Nc5 Qc8 25. g4 a5 26. Kg2 Nb7 27. Nd3 c5 28. bxc5 Nxc5 29. Nf4 Qc6 30. Qf5 Nb3 $1 31. Re7 Nxd4 32. Qxf7+ (32. cxd4 Bxe7 33. Rxe7 Rf8 $19) 32... Kh8 33. Rc7 Qxa4 34. cxd4 Qxd4 35. Re2 Qf6 36. Qxf6 gxf6 37. Rf7 {[%emt 0:04:45] [#]} ({White should try} 37. Ne6 $15 Re8 38. Kf1) 37... Kg8 $1 $17 38. Rxf6 {[%emt 0:00:05] [#]} a4 (38... d4 $1 $17 {[%cal Rd4d3] Hoping for ...d3.} 39. Nd3 a4) 39. Ra2 a3 40. Rf5 Rab8 41. Rg5+ Kf7 (41... Kh8 $17 {And now ...Rb2+ would win.} 42. Rxd5 Rxd5 43. Nxd5 Rb3) 42. Rf5+ $11 Kg8 (42... Ke8 $11 {deserves consideration.} 43. Re2+ Kd7 44. Rxd5+ Kc6 45. Rc2+ Kb6) 43. Rg5+ $17 Kh8 44. Rxd5 Rxd5 45. Nxd5 Rb5 (45... Rb2+ $6 46. Rxb2 axb2 47. Nc3 $11) (45... Rb3 $17 {Black wants to play ...Bd6.} 46. Rc2 Rb5) 46. Nc3 $11 Rb3 47. Rc2 Bg7 48. Nb5 Be5 (48... Rxb5 49. Rc8+ Bf8 50. Rxf8+ Kg7 51. Ra8 Rb2+ 52. Kg3 $16) 49. Nxa3 Rxa3 50. Re2 Bd6 51. h4 Kg7 52. g5 Kf7 53. Re4 Rd3 54. h5 Rd5 55. f4 h6 56. gxh6 Rxh5 57. Kf3 Rxh6 58. Ra4 Ke6 59. Kg4 Rg6+ 60. Kf3 Rg1 61. Ra2 Rc1 62. Kg4 Rf1 63. Ra4 Rg1+ 64. Kf3 Kd5 65. Ra5+ Kd4 66. Ra4+ Kd3 67. Ra5 $1 Kd4 68. Ra4+ $1 Kd5 69. Ra5+ Bc5 70. Ra4 Re1 71. Ra5 Kd4 72. Ra8 Rf1+ 73. Kg4 Bd6 74. Ra4+ Ke3 75. Kf5 Rc1 ({Don't play} 75... Bxf4 76. Re4+ Kf3 77. Rxf4+ Kg2 78. Rxf1 Kxf1 $11) ({Of course not} 75... Rxf4+ 76. Rxf4 Bxf4 $11) 76. Ra6 Rc5+ ({Much worse is} 76... Bxf4 77. Ra3+ Kd4 78. Ra4+ Rc4 79. Rxc4+ Kxc4 $11) ({Black should play} 76... Rd1 $17) 77. Kg4 $1 $11 Rd5 78. Ra4 (78. f5 $1 $11) 78... Rd1 $17 79. Rc4 Rd3 80. f5 Be5 81. Kg5 Rd6 82. Rc1 Kf3 (82... Rd2 $15) 83. Rf1+ $1 $11 Ke2 84. Rb1 Bf6+ 85. Kh5 Bd4 86. Kg4 Rd8 87. Rb3 Rg8+ 88. Kf4 Kd2 89. Rh3 Bf6 90. Rg3 Rb8 91. Rg6 Rb4+ 92. Kf3 Be5 93. Rg4 $1 Rb5 94. Ke4 $1 Kc3 95. Rg6 Rc5 96. Re6 Bd4 97. f6 Bxf6 98. Rxf6 1/2-1/2

[Event "37th ECCC 2022"]
[Site "Mayrhofen"]
[Date "2022.10.06"]
[Round "4.21"]
[White "Moussard, Jules"]
[Black "Gokerkan, Cem Kaan"]
[Result "1-0"]
[ECO "B90"]
[WhiteElo "2686"]
[BlackElo "2465"]
[Annotator "TA"]
[PlyCount "105"]
[EventDate "2022.10.03"]
[EventType "team-tourn"]
[EventCountry "AUT"]
[SourceTitle "playchess.com"]
[Source "ChessBase"]
[SourceQuality "1"]
[TimeControl "40/5400+30:1800+30"]

1. e4 c5 2. Nf3 d6 3. d4 Nf6 4. Nc3 cxd4 5. Nxd4 a6 6. Bd3 e5 7. Nde2 Be7 8. O-O O-O 9. Ng3 {[%emt 0:00:47] B90: Sicilian Najdorf: Unusual White 6th moves, 6 Be3 Ng4 and 6 Be3 e5.} b5 10. f4 {[%emt 0:01:57] [#]} Nc6 $146 ({Predecessor:} 10... Nbd7 11. Nf5 Bb7 12. Qf3 b4 13. Ne2 d5 14. exd5 Bc5+ 15. Kh1 e4 16. Bxe4 Nxe4 17. Qxe4 {0-1 (41) Karthik,V (2470)-Verstraeten,R (2365) El Prat de Llobregat 2019}) 11. Nd5 {[%emt 0:04:31] The position is equal.} exf4 12. Nxe7+ Qxe7 13. Bxf4 Ng4 14. Kh1 Re8 15. a4 bxa4 (15... Qh4 16. h3 $16) 16. Rxa4 Nge5 17. Qd2 Rb8 18. b3 a5 19. Bc4 Be6 20. Bd5 Rec8 ({Better is} 20... Qd8 $14) 21. Bxc6 {[%emt 0:15:29] White is more active.} ({White should try} 21. Bg5 Qb7 22. Bxe6 fxe6 23. Qxd6) 21... Rxc6 $16 22. Rxa5 Qc7 23. Ra2 Rc8 24. Rf2 h5 {[%emt 0:06:31] [#]} (24... Rd8 $16) 25. h3 $1 $18 ({Weaker is} 25. Nxh5 {[#]} Bxb3 $1 26. Bxe5 (26. cxb3 {gets mated.} Rc1+ 27. Qxc1 Qxc1+ 28. Bxc1 Rxc1+) 26... dxe5 $11) 25... g6 (25... h4 $16 {was worth a try.}) 26. Bg5 Kh7 27. Bf6 Nd7 28. Bd4 {[%emt 0:06:49][%cal Og3h5] Strongly threatening Nxh5!} Ne5 (28... Qd8 $142 29. Ne2 R6c7) 29. Nf1 Qb7 30. Ra7 Qb5 31. Ne3 {[%emt 0:01:29] Threatens to win with c4.} R6c7 32. Ra5 Qc6 33. Bxe5 dxe5 34. Rxe5 Qc3 35. Qxc3 Rxc3 36. Re2 Kg7 37. Kg1 (37. Ra5 $18) 37... h4 (37... R8c6 $16 38. Kf2 Bc8) 38. Kf2 Ra8 39. Ke1 Ra2 40. Rb5 Bd7 41. Rb4 Be6 42. Kd1 Kh6 43. Nd5 Rg3 44. Ne3 Kg5 45. Kd2 Kf4 $2 (45... Ra1 46. Rf2 Ra8) 46. e5+ Kg5 47. Rf2 Ra5 48. Nf1 Rd5+ 49. Kc1 Rc3 50. Nd2 {[%emt 0:00:00] Black must now prevent Ne4+.} Re3 51. Nf3+ Kh6 52. Rxh4+ Kg7 53. Rf4 {[%emt 0:00:00] Weighted Error Value: White=0.14 (very precise) /Black=0.24 (precise)} 1-0

[Event "37th ECCC 2022"]
[Site "Mayrhofen"]
[Date "2022.10.06"]
[Round "4.22"]
[White "Firat, Burak"]
[Black "Alekseenko, Kirill"]
[Result "1/2-1/2"]
[ECO "A05"]
[WhiteElo "2455"]
[BlackElo "2691"]
[Annotator "TA"]
[PlyCount "117"]
[EventDate "2022.10.03"]
[EventType "team-tourn"]
[EventCountry "AUT"]
[SourceTitle "playchess.com"]
[Source "ChessBase"]
[SourceQuality "1"]
[TimeControl "40/5400+30:1800+30"]

1. Nf3 Nf6 2. g3 b5 3. Bg2 Bb7 4. Na3 a6 5. c4 b4 6. Nc2 e6 {[%emt 0:02:42] A05: Réti Opening: 1 Nf3 Nf6.} 7. d4 Be7 {[%emt 0:01:45] [#] was the old line (7...a5).} 8. d5 $146 ({Predecessor:} 8. O-O O-O 9. d5 Qc8 10. Nfd4 c5 11. Nb3 a5 12. d6 Bd8 13. Bxb7 Qxb7 14. a4 {1-0 (41) Rapport,R (2559)-Zeller,F (2402) Deizisau 2012}) 8... O-O {[%emt 0:12:25] White is slightly better.} 9. Nh4 Qc8 10. e4 Ne8 11. O-O a5 12. f4 c6 13. Ne3 d6 14. b3 Bf6 15. Rb1 Nd7 (15... cxd5 $11 16. exd5 (16. cxd5 Nd7 $11) 16... Na6) 16. dxe6 $1 $16 fxe6 17. Bh3 Nc5 18. e5 $36 {[%emt 0:00:12][%mdl 2048] White is pushing.} dxe5 19. fxe5 Bxe5 (19... Be7 $16) 20. Rxf8+ $18 Kxf8 21. Ng4 $1 (21. Qh5 Bd4 $11) 21... Bc3 (21... Bf6 $2 22. Nxf6 Nxf6 23. Qd6+ Kg8 24. Qxc5 $18) (21... Bd6 {keeps fighting.}) 22. Qf3+ $1 (22. Be3 Ne4 $14) 22... Kg8 23. Be3 Na6 {[%emt 0:00:43] [#]} 24. Rf1 (24. Nh6+ $1 $18 gxh6 25. Nf5 exf5 26. Bxf5) 24... Nf6 25. Nxf6+ Bxf6 26. Qe4 Nc7 27. Bc5 a4 $2 {[%emt 0:06:27] [#]} (27... Qe8 $16) 28. Rxf6 $2 gxf6 $11 29. Qg4+ Kh8 30. Be7 Ne8 {[%emt 0:00:12] And now ...axb3 would win.} 31. Qh5 $1 Qd7 32. Qf7 $2 (32. Qh6 $1 $11 {and White has nothing to worry.} Qd4+ 33. Kf1 Qd1+ 34. Kf2 Qd4+ 35. Kf1 Qd3+ 36. Kf2 Qd4+ 37. Kf1) 32... Ng7 $2 ({Black should play} 32... Qd4+ $19 33. Kf1 Qa1+ 34. Kf2 Qxa2+ 35. Kg1 Qa1+ 36. Kf2 Qa2+ 37. Ke1 Qb1+ 38. Ke2 Qe4+ 39. Kf2 Qd4+ 40. Ke2 Qb2+ 41. Kf1 Qc1+ 42. Ke2 Qh6 43. Bxe6 Qg7 44. bxa4 Qxf7 45. Bxf7 Ng7 46. Bxb4 Ba6) 33. Qxf6 axb3 34. axb3 c5 35. Bxc5 Qc6 {[%emt 0:00:12] ( -> ...Qh1+)} 36. Bd4 $1 {[%emt 0:00:28][%csl Gd4][%cal Rf6g7] Active counter play! A strong pair of Bishops.} Qh1+ 37. Kf2 Ra2+ (37... Qxh2+ 38. Bg2 Ra2+ 39. Bb2 Rxb2+ 40. Qxb2 Bxg2 41. Nxg2 $16) 38. Bb2 {[%emt 0:00:43] Really sharp!} Rxb2+ 39. Qxb2 Qxh2+ 40. Bg2 Bxg2 $1 41. Nxg2 {[%emt 0:30:21][%mdl 4096] Endgame aiming for c5. KQN-KQN} Qh5 42. Qd4 {[%emt 0:00:00] Black should prevent Qd8+.} Kg8 43. c5 Qf5+ 44. Kg1 {[%emt 0:00:00] Black must now prevent c6.} e5 (44... Qb1+ $11 {remains equal.} 45. Kh2 Qxb3) 45. Qd8+ ({Much less strong is} 45. Qxb4 Qb1+ 46. Kh2 Qg6 47. Qc4+ Qf7 $18) 45... Qf8 46. Qd5+ (46. Qb6 $5 ) 46... Qf7 47. Ne3 ({Don't do} 47. Qxe5 Qxb3 48. Qb8+ Kf7 $16) (47. Qd2 $14) 47... Qxd5 {[%emt 0:01:17] The position is equal.} 48. Nxd5 {[%emt 0:00:00] Threatens to win with c6. KN-KN} Kf7 49. Nxb4 Nf5 50. Kf2 {[%emt 0:03:35] Nc2 is the strong threat.} Nd4 {[%emt 0:00:14] Against Nc2} 51. Nd3 Nxb3 52. Nxe5+ Ke6 {[%emt 0:00:09] [#]} 53. c6 $1 {[%emt 0:01:21] Strongly threatening c7.} Kd6 (53... Nc5 54. c7) 54. Ke3 h5 55. Ke4 (55. c7 $5 Kxc7 56. Nf7 $11) 55... Nd2+ 56. Kf4 Nf1 {[%emt 0:00:31] [#]} 57. Kf3 $1 Nd2+ (57... Kxe5 $2 58. c7 Nh2+ 59. Kg2 $18) (57... Kc7 58. Kf2) 58. Kf4 Nf1 59. Kf3 {[%emt 0:00:03] Black defended with fortune.  Weighted Error Value: White=0.20 (precise) /Black=0.25 (precise)} 1/2-1/2